 Dungeon Crawl Stone Soup version 0.31.0-12-g77e489cdc1 (webtiles) character file.

Game seed: 10625183864478475208

1 H0rd4k the Charlatan (level 1, 0/13 HPs)
             Began as an Octopode Artificer on Feb 27, 2024.
             Slain by a hobgoblin (4 damage)
             ... on level 1 of the Dungeon.
             The game lasted 00:00:12 (47 turns).

H0rd4k the Charlatan (Octopode Artificer)             Turns: 47, Time: 00:00:12

Health: 0/13       AC:  1    Str: 11    XL:     1   Next: 20%
Magic:  1/1        EV: 13    Int: 13    God:
Gold:   0          SH:  0    Dex: 12    Spells: 0/0 levels left

rFire   . . .        (no weapon)
rCold   . . .        (no shield)
rNeg    . . .        (helmet restricted)
rPois   .            (no amulet)
rElec   .            (no ring)
rCorr   .            (no ring)
SInv    .            (no ring)
Will    .....        (no ring)
Stlth   +++          (no ring)
HPRegen 0.22/turn    (no ring)
MPRegen 0.07/turn    (no ring)
                     (no ring)

%: no passive effects
@: no status effects
A: almost no armour, amphibious, 8 rings, camouflage 1, gelatinous body 1,
(nimble swimmer 1), tentacles
a: no special abilities


You were on level 1 of the Dungeon.
You visited 1 branch of the dungeon, and saw 1 of its levels.

Inventory:

Wands
 b - a wand of flame (15) (quivered)
 c - a wand of charming (15)
 d - a wand of iceblast (5)


   Skills:
 + Level 1.1 Fighting
 - Level 2.3 Dodging
 - Level 1.3 Stealth
 + Level 0.1 Unarmed Combat
 - Level 3.2 Evocations


You couldn't memorise any spells.
You didn't know any spells.
Your spell library was empty.

Dungeon Overview and Level Annotations

Branches:
Dungeon (1/15)

Altars:


Innate Abilities, Weirdness & Mutations

You cannot wear most types of armour.
You are amphibious.
You can wear up to eight rings at the same time.
Your skin changes colour to match your surroundings (Stealth+).
Your rubbery body absorbs attacks. (AC +1, EV +1)
((You are camouflaged when in or above water. (Stealth+)))
You have tentacles for arms and can constrict up to eight enemies at once.


Message History

Your grab misses the kobold.
The kobold is severely wounded.
The kobold hits you with a +0 dagger. The rat misses you.
You closely miss the kobold. Your grab misses the kobold.
The kobold is severely wounded.
The kobold hits you but does no damage. The rat closely misses you.
You tentacle-slap the kobold but do no damage.
Your grab misses the kobold.
The kobold is heavily wounded.
The kobold hits you with a +0 dagger. The rat completely misses you.
You tentacle-slap the kobold but do no damage.
Your grab misses the kobold.
The kobold is heavily wounded.
The kobold barely misses you. The rat barely misses you.
You barely miss the kobold. Your grab misses the kobold.
The kobold is heavily wounded.
The kobold closely misses you. The rat barely misses you.
You tentacle-slap the kobold but do no damage.
You grab the kobold.
The kobold is heavily wounded.
You constrict the kobold, but do no damage.
The kobold misses you. The rat misses you.
You tentacle-slap the kobold but do no damage.
You squeeze the kobold.
You kill the kobold!
The rat closely misses you.
There are monsters nearby!
There are monsters nearby!
You barely miss the rat. You grab the rat. Your squeeze misses the rat.
You constrict the rat, but do no damage.
The hobgoblin closely misses you. The rat barely misses you.
You barely miss the rat. You squeeze the rat, but do no damage.
You constrict the rat, but do no damage.
The hobgoblin hits you. The rat closely misses you.
You barely miss the rat. You constrict the rat. The hobgoblin hits you.
The rat closely misses you.
You tentacle-slap the rat.
You kill the rat!
The hobgoblin hits you.
You die...

#.#..# ###.....#
####.#####...###.#
#...#.##.#...#
#........###.#
#####.#.##...#
#...###....#
....#####....#
##.## .#......# #.
.......@# #
.#####g.# ....#
......# .........
#########


You could see a hobgoblin.

Vanquished Creatures
  A kobold (D:1)
  A rat (D:1)
2 creatures vanquished.

Notes
Turn   | Place    | Note
-------+----------+-------------------------------------------
     0 | D:1      | H0rd4k the Octopode Artificer began the quest for the Orb.
     0 | D:1      | Reached XP level 1. HP: 13/13 MP: 1/1
    47 | D:1      | Slain by a hobgoblin

Illustrated notes

Levels and vault maps discovered:
D:1:      lemuel_arrival_tunnels, layout_basic, chequers_serial_rivers_large_a,
          dreamdust_princess_corridor, minmay_tall_x

Action                     || total
---------------------------++-------
  Melee: Unarmed           ||    12
         Constrict         ||     2
         Tentacles         ||     2
 Armour: Skin              ||     9
  Dodge: Dodged            ||    14
